 Dungeon Crawl Stone Soup version 0.17-a0-802-g1f09329 (webtiles) character file.

93 Hanyuu the Insei (level 4, -1/28 HPs)
             Began as an Octopode Transmuter on Apr 26, 2015.
             Shot with an arrow by a centaur (10 damage)
             ... on level 2 of the Dungeon.
             The game lasted 00:05:20 (2484 turns).

Hanyuu the Insei (Octopode Transmuter)              Turns: 2484, Time: 00:05:20

Health: -1/28      AC:  1    Str:  9    XL:     4   Next: 61%
Magic:  1/7        EV: 12    Int: 15    God:
Gold:   79         SH:  0    Dex: 13    Spells: 3 memorised, 1 level left

rFire  + . .     SeeInvis .     a - 21 arrows
rCold  . . .     Clarity  .     (no shield)
rNeg   . . .     SustAb   .     (helmet restricted)
rPois  .         Gourm    .     (no amulet)
rElec  .         Spirit   .     m - ring of protection from fire
rCorr  .         Warding  .     (no ring)
rMut   .         Stasis   .     (no ring)
MR     .....                    (no ring)
Stlth  ++........               (no ring)
                                (no ring)
                                (no ring)
                                (no ring)

@: not resistant to hostile enchantments, unstealthy
A: almost no armour, amphibious, 8 rings, constrict 8, camouflage 1, gelatinous
body 1
a: no special abilities


You were on level 2 of the Dungeon.
You were not hungry.

You visited 1 branch of the dungeon, and saw 3 of its levels.

You collected 79 gold pieces.

Inventory:

Hand weapons
 o - a +2 short sword of holy wrath
Missiles
 a - 21 arrows (in tentacle)
 f - 17 arrows of flame
 p - 3 stones (quivered)
Jewellery
 m - a ring of protection from fire (left tentacle)
Scrolls
 e - a scroll of magic mapping {unknown}
 i - 2 scrolls of noise
 j - a scroll of identify {unknown}
Potions
 d - 2 potions of flight {unknown}
 g - a potion of might {unknown}
 h - a potion of beneficial mutation {unknown}
 n - a potion of curing {unknown}
Books
 b - a book of Changes

   Spells                             Type                      Level
   a - Beastly Appendage              Transmutation                1
   b - Sticks to Snakes               Transmutation                2
   c - Spider Form                    Transmutation/Poison         3
   d - Ice Form                       Ice/Transmutation            4
   e - Blade Hands                    Transmutation                5
Comestibles
 c - 2 bread rations
 k - a fruit
 l - a meat ration


   Skills:
 - Level 1.0 Fighting
 - Level 2.0 Dodging
 * Level 4.6 Unarmed Combat
 - Level 2.0 Spellcasting
 - Level 3.0 Transmutations


You had one spell level left.
You knew the following spells:

 Your Spells              Type           Power        Failure   Level  Hunger
a - Beastly Appendage     Trmt           ##....       8%          1    #......
b - Sticks to Snakes      Trmt           ##........   12%         2    ###....
c - Spider Form           Trmt/Pois      #.........   34%         3    ###....


Dungeon Overview and Level Annotations

Branches:
Dungeon (3/15)

Altars:


Innate Abilities, Weirdness & Mutations

You cannot wear most types of armour.
You are amphibious.
You can wear up to eight rings at the same time.
You can use your tentacles to constrict eight enemies at once.
Your skin changes colour to match your surroundings (Stealth).
Your rubbery body absorbs attacks (AC +1).


Message History

t - Shout!
Orders for allies: a - Attack new target. r - Retreat! s - Stop attacking. w - Wait here. f - Follow me.
Anything else - Stay silent.
Gang up on whom?
Press: ? - help, Dir - move target cursor, f - centaur
Aim: a centaur, wielding a shortbow Attack!
The centaur shoots an arrow.
The arrow hits your ball python.
Your ball python dies!
The centaur shoots an arrow.
The arrow hits your ball python!
Your ball python dies!
The centaur shoots an arrow.
The arrow hits you!
You see here an arrow.
Casting: Sticks to Snakes
Confirm with . or Enter, or press ? or * to list all spells.
You create a snake!
The centaur shoots an arrow.
The arrow barely misses your ball python.
The arrow hits you!
You die...

... ..##.#.# #..# #.
#.#.#.## #..# #.#
#...... #..# ..
#...... #..# .c
#†##... #..# .#
#.###### #..# .# ...
...#
#..#####.##c##w####.#
#...@.S((<..##.......
#.######.#####.####.#
#.# .# #....... #.#
.# ######.# #.# ##
#######.# #.#
#.......# #<#
#.####### #.# #.# #.#
#.#


You could see a centaur and a friendly ball python.

Vanquished Creatures
  5 adders (D:2)
  2 worms (D:2)
  2 giant geckos (D:1)
  6 giant cockroaches
  3 hobgoblins (D:2)
  A quokka (D:2)
  2 ball pythons (D:1)
  10 bats (D:1)
  4 giant newts
  4 goblins
  4 kobolds
  6 rats
49 creatures vanquished.

Notes
Turn   | Place    | Note
--------------------------------------------------------------
     0 | D:1      | Hanyuu, the Octopode Transmuter, began the quest for the Orb.
     0 | D:1      | Reached XP level 1. HP: 13/13 MP: 3/3
   391 | D:1      | Reached XP level 2. HP: 8/18 MP: 5/5
  1023 | D:1      | Reached XP level 3. HP: 19/23 MP: 6/6
  1065 | D:1      | Learned a level 2 spell: Sticks to Snakes
  1069 | D:1      | Learned a level 3 spell: Spider Form
  1805 | D:2      | Reached skill level 4 in Unarmed Combat
  1823 | D:2      | Reached XP level 4. HP: 9/28 MP: 7/7
  2476 | D:2      | Noticed a centaur
  2484 | D:2      | Shot with an arrow by a centaur

Action                   |  1- 3 |  4- 6 || total
-------------------------+-------+-------++-------
Melee: Unarmed           |    98 |    25 ||   123
 Cast: Beastly Appendage |     2 |       ||     2
       Spider Form       |     2 |       ||     2
       Sticks to Snakes  |       |     3 ||     3
  Use: Scroll            |     5 |       ||     5
 Stab: Sleeping          |     2 |       ||     2
  Eat: Chunk             |     3 |     2 ||     5
